 Dungeon Crawl Stone Soup version 0.29-a0-998-g1987434951 (webtiles) character file.

Game seed: 1328627202735679216

99 drpainis the Chopper (level 4, -3/41 HPs)
             Began as a Hill Orc Monk on Aug 6, 2022.
             Slain by a gnoll
             ... wielding a +0 whip
              (8 damage)
             ... on level 2 of the Dungeon.
             The game lasted 00:02:56 (2146 turns).

drpainis the Chopper (Hill Orc Monk)                Turns: 2146, Time: 00:02:57

Health: -3/41      AC: 10    Str: 15    XL:     4   Next: 72%
Magic:  4/4        EV:  4    Int: 10    God:
Gold:   31         SH:  5    Dex: 13    Spells: 3/3 levels left

rFire   . . .      SeeInvis .   a - +0 hand axe
rCold   . . .      Faith    .   (no shield)
rNeg    . . .      Spirit   .   g - +0 plate armour
rPois   .          Reflect  +   (no helmet)
rElec   .          Harm     .   (no cloak)
rCorr   .          Rampage  .   (no gloves)
Will    .....                   (no boots)
Stlth   ..........              h - amulet of reflection
HPRegen 0.13/turn               (no ring)
MPRegen 0.09/turn               (no ring)

@: no status effects
A: no striking features
a: no special abilities


You were on level 2 of the Dungeon.
You visited 1 branch of the dungeon, and saw 2 of its levels.

You collected 31 gold pieces.

Inventory:

Hand Weapons
 a - a +0 hand axe (weapon)
Missiles
 d - a throwing net (quivered)
Armour
 b - a +0 robe
 g - a +0 plate armour (worn)
Jewellery
 h - an amulet of reflection (around neck)
Scrolls
 e - a scroll of amnesia {unknown}
 f - a scroll of enchant armour {unknown}
 i - a scroll of brand weapon {unknown}
 j - 2 scrolls of identify {unknown}
Potions
 c - a potion of ambrosia
 k - 2 potions of curing {unknown}
 l - a potion of brilliance {unknown}
 m - a potion of magic {unknown}


   Skills:
 + Level 4.5 Fighting
 + Level 5.4 Axes
 + Level 1.2 Armour
 + Level 2.7 Dodging
 + Level 1.7 Stealth
 + Level 0.6 Shields


You had 3 spell levels left.
You didn't know any spells.
Your spell library was empty.

Dungeon Overview and Level Annotations

Branches:
Dungeon (2/15)

Altars:

Shops:
D:1 (


Message History

You hit the gnoll. The gnoll hits you but does no damage.
You block the gnoll's attack.
You hit the gnoll but do no damage.
The gnoll is heavily wounded.
You barely miss the gnoll. The gnoll hits you with a +0 whip.
The gnoll barely misses you.
You hit the gnoll.
The gnoll is almost dead.
You barely miss the gnoll. The gnoll hits you with a +0 whip.
The gnoll hits you with a +0 flail.
You hit the gnoll but do no damage.
The gnoll is almost dead.
You hit the gnoll but do no damage. The gnoll hits you with a +0 whip.
The gnoll hits you with a +0 flail.
You barely miss the gnoll.
The gnoll is almost dead.
You hit the gnoll. The gnoll barely misses you.
The gnoll hits you with a +0 flail! The gnoll hits you with a +0 whip.
The gnoll hits you but does no damage.
You barely miss the gnoll.
The gnoll is almost dead.
You closely miss the gnoll. The gnoll hits you but does no damage.
You block the gnoll's attack.
You barely miss the gnoll.
The gnoll is almost dead.
You hit the gnoll. The gnoll hits you but does no damage.
The gnoll hits you with a +0 flail!
* * * LOW HITPOINT WARNING * * *
You hit the gnoll.
The gnoll is almost dead.
You hit the gnoll but do no damage. The gnoll completely misses you.
The gnoll hits you with a +0 flail.
* * * LOW HITPOINT WARNING * * *
You hit the gnoll.
You kill the gnoll!
You hit the gnoll. The gnoll hits you but does no damage.
You hit the gnoll but do no damage.
The gnoll is heavily wounded.
The gnoll hits you with a +0 whip!
You die...

#.(.# #...#
#...### #.....#
######
#...#.######....#
#...#...##...##.#
#...##.....####.#
##.###)#..## #g#
#...g@##..# #g##
#..######.# #..#
#..# ..# ##.#
##..#### #... #.#
#......# ##.##.#
#......## #.##.#
#.......## #.##.#
#.......(##
#..#.##
##.........#
#....#


You could see a gnoll.

Vanquished Creatures
  Robin (D:2)
  A gnoll (D:2)
  2 adders (D:2)
  2 dart slugs
  2 bats (D:1)
  2 endoplasms
  14 goblins
  3 hobgoblins (D:1)
  8 jackals (D:1)
  3 quokkas
  6 ball pythons
  A frilled lizard (D:1)
  4 kobolds
  3 rats (D:1)
52 creatures vanquished.

Notes
Turn   | Place    | Note
-------+----------+-------------------------------------------
     0 | D:1      | drpainis the Hill Orc Monk began the quest for the Orb.
     0 | D:1      | Reached XP level 1. HP: 19/19 MP: 1/1
    22 | D:1      | Found a faded altar of an unknown god.
   351 | D:1      | Reached XP level 2. HP: 20/27 MP: 2/2
   874 | D:1      | Reached XP level 3. HP: 33/33 MP: 3/3
   996 | D:1      | Found Jyxzast's Weapon Shoppe.
  1451 | D:2      | Noticed Robin
  1478 | D:2      | Reached skill level 5 in Axes
  1499 | D:2      | Reached XP level 4. HP: 16/41 MP: 4/4
  1513 | D:2      | Killed Robin
  1782 | D:2      | Reached skill level 1 in Armour
  2146 | D:2      | Slain by a gnoll

Illustrated notes

Levels and vault maps discovered:
D:1:      dpeg_arrival_short_road, layout_loops_corners, serial_shops, shop,
          basic_ecumenical_altar
D:2:      minmay_angry_zag, layout_rooms, uniq_robin

Skill      XL: |  1  2  3  4 |
---------------+-------------+-----
Fighting       | 4 |  4.5
Axes           | 5 |  5.4
Armour         | 1 |  1.2
Dodging        | |  2.7
Stealth        | |  1.7
Shields        | |  0.6

Action                   |  1- 3 |  4- 6 || total
-------------------------+-------+-------++-------
Melee: Hand axe          |   174 |    57 ||   231
       Punch             |     1 |       ||     1
 Stab: Sleeping          |     3 |       ||     3
Armor: Robe              |    12 |       ||    12
       Plate armour      |    92 |    40 ||   132
Dodge: Dodged            |    60 |    12 ||    72
Block: Other             |    32 |    10 ||    42

Table legend: (Time is in decaauts)
 A = Elapsed time spent in this place.
 B = Non-inter-level travel time spent in this place.
 C = Inter-level travel time spent in this place.
 D = Time resting spent in this place.
 E = Time spent auto-exploring this place.
 F = Levels seen in this place.
 G = Mean time per level.
                   A        B        C        D        E       F      G
               +--------+--------+--------+--------+--------+-----+--------+
         Total |   2161 |   2138 |     23 |    599 |   1008 |   2 | 1080.5 |
       Dungeon |   2161 |   2138 |     23 |    599 |   1008 |   2 | 1080.5 |
               +--------+--------+--------+--------+--------+-----+--------+

Top non-repeatable levels by time:
     D:1: 1849 daAuts
     D:2: 311 daAuts
